 Dungeon Crawl Stone Soup version 0.16.1-2-g95b8d4c (webtiles) character file.

389 Chiseanne the Covered (level 6, -2/32 HPs)
             Began as a Vine Stalker Monk on Mar 24, 2015.
             Killed by an exploding giant spore (10 damage)
             ... set off by themself
             ... on level 6 of the Dungeon.
             The game lasted 00:08:35 (2333 turns).

Chiseanne the Covered (Vine Stalker Monk)           Turns: 2333, Time: 00:08:36

Health: -2/32      AC:  8    Str: 15    XL:     6   Next: 79%
Magic:  0/8        EV: 11    Int: 10    God:
Gold:   189        SH:  0    Dex: 17    Spells: 0 memorised, 5 levels left

rFire  . . .     SeeInvis .       - Unarmed
rCold  . . .     Clarity  .     e - +0 scale mail
rNeg   . . .     SustAb   .     (no shield)
rPois  .         Gourm    .     (no helmet)
rElec  .         Spirit   +     (no cloak)
rCorr  .         Warding  .     (no gloves)
rMut   .         Stasis   .     a - +0 pair of boots
MR     .....                    (no amulet)
Stlth  ..........               (no ring)
                                (no ring)

@: confused, lethally poisoned (-2 -> -2), not resistant to hostile
enchantments, extremely unstealthy
A: fangs 2, regeneration 2, magic shield, antimagic bite, no device heal 3, rot
immunity
a: no special abilities


You were on level 6 of the Dungeon.
You were not hungry.

You visited 1 branch of the dungeon, and saw 6 of its levels.

You collected 189 gold pieces.

Inventory:

Armour
 a - a +0 pair of boots (worn)
 e - a +0 scale mail (worn)
 l - a +0 pair of gloves
Jewellery
 g - an uncursed ring of fire
Scrolls
 c - 2 scrolls of identify
 k - a scroll of magic mapping
Potions
 d - 3 potions of curing
 i - a potion of cancellation {unknown}
 j - a potion of ambrosia
 m - a potion of haste {unknown}
Comestibles
 b - 4 bread rations
 f - 2 meat rations
 h - a slice of pizza


   Skills:
 - Level 3.2 Fighting
 + Level 4.7 Armour
 - Level 2.7 Dodging
 - Level 2.4 Stealth
 - Level 4.6 Unarmed Combat


You had 5 spell levels left.
You didn't know any spells.

Dungeon Overview and Level Annotations

Branches:
Dungeon (6/15)
 Temple: D:4-7

Altars:
Cheibriados
Ru
Trog

Annotations:
D:2 Sigmund
D:3 Grinder
D:5 Eustachio, Ijyb


Innate Abilities, Weirdness & Mutations

You have extremely sharp teeth.
You heal very quickly.
When hurt, damage is shared between your health and your magic reserves.
Your bite disrupts and absorbs the magic of your enemies.
Potions and wands cannot restore your health.
You are immune to rotting.


Message History

You feel sick. The gnoll sergeant closely misses you.
You feel sick.
There is an open door here.
You feel sick.
You feel sick.
You feel sick.
You feel sick.
You feel sick.
You feel sick.
You feel sick.
A giant spore comes into view.
The giant spore waves its rhizomes.
A ballistomycete grows in the wake of the giant spore.
You feel sick.
You feel sick.
You hit the giant spore.
The giant spore explodes!
The explosion of spores engulfs you!
You are confused.
You die...

#.........####...#########.#...#
+...............................
#........g.........#######......
##.......#.###..##.# #.....#
##.[...##.# #.<...# ...#####
##...###g# #####.# #.#.. ##+##
#.# #.# ...... ##.####.#######.#
..⌠...# #........gg..@...#
....## .#.####..######.# .⌠#
#..# #.*# .... ##..# #P.# ...#
.##


You could see a gnoll sergeant and a gnoll.

Vanquished Creatures
  An ogre (D:5)
  A crimson imp (D:6)
  A giant frog zombie (D:5)
  An orc priest (D:4)
  A giant frog skeleton (D:6)
  An iguana (D:5)
  A worker ant (D:4)
  3 gnolls
  2 adders
  A worm (D:2)
  3 giant geckos
  9 orcs (D:4)
  9 giant cockroaches
  7 goblins
  7 hobgoblins
  2 quokkas
  5 bats
  9 jackals
  6 kobolds
  13 rats
  2 ballistomycetes (D:5)
85 creatures vanquished.

Vanquished Creatures (others)
  The ghost of Chiseanne the Ruffian, an average VSMo of Gozag (D:3)
  A giant spore (D:5)
2 creatures vanquished.

Grand Total: 87 creatures vanquished

Notes
Turn   | Place    | Note
--------------------------------------------------------------
     0 | D:1      | Chiseanne, the Vine Stalker Monk, began the quest for the Orb.
     0 | D:1      | Reached XP level 1. HP: 11/11 MP: 1/1
   218 | D:1      | Reached XP level 2. HP: 16/16 MP: 3/3
   417 | D:1      | Reached XP level 3. HP: 15/20 MP: 4/4
   815 | D:2      | Reached skill level 1 in Armour
   815 | D:2      | Reached XP level 4. HP: 9/24 MP: 3/5
  1055 | D:2      | Found a snail-covered altar of Cheibriados.
  1060 | D:2      | Noticed Sigmund
  1103 | D:3      | Killed Chiseanne's ghost
  1194 | D:3      | Noticed Grinder
  1251 | D:4      | Found a bloodstained altar of Trog.
  1702 | D:4      | Reached XP level 5. HP: 15/28 MP: 7/7
  1842 | D:5      | Entered Level 5 of the Dungeon
  2029 | D:5      | Found a sacrificial altar of Ru.
  2048 | D:5      | Noticed an ogre
  2067 | D:5      | Killed an ogre
  2067 | D:5      | Gained mutation: You heal very quickly. [vine stalker growth]
  2067 | D:5      | Reached XP level 6. HP: 10/32 MP: 6/8
  2152 | D:5      | Noticed Ijyb
  2155 | D:5      | Noticed Eustachio
  2155 | D:5      | Noticed a phantom
  2158 | D:5      | Noticed a centaur
  2333 | D:6      | Killed by an exploding giant spore... set off by themself

Action                   |  1- 3 |  4- 6 || total
-------------------------+-------+-------++-------
Melee: Unarmed           |   133 |   169 ||   302
  Use: Scroll            |     3 |     7 ||    10
 Stab: Sleeping          |     1 |       ||     1
  Eat: Chunk             |       |     5 ||     5
